General information
- name: BNet
- type: Ladder team game (AT/RT)
- host: Battle.net
- saver: ROTS19
map: FullScaleAssault
- players: 8
- length: 69:34
- speed: Fast
- version: 1.24 W3XP
- replay type: Public
» download(342 KB)
Players
team 1 (winner)
ahod (
purple | 18 APM | 619 actions | 33:38)
10 Crypt Lord
3 Impale
3 Carrion Beetles
3 Spiked Carapace
1 Locust Swarm
» actions
| Assign group hotkey | 6 | |
| Build / train | 65 | |
| Enter build submenu | 16 | |
| Enter hero's abilities submenu | 11 | |
| Remove unit from queue | 2 | |
| Right click | 151 | |
| Select / deselect | 289 | |
| Select group hotkey | 34 | |
| Use ability | 45 | |
619 total
» units
| Acolyte | 3 | |
| Ghoul | 5 | |
| Crypt Fiend | 14 | |
| Frost Wyrm | 17 | |
| Chimaera | 9 | |
48 total
» upgrades
» buildings
| Altar of Darkness | 1 | |
| Ziggurat | 9 | |
| Crypt | 1 | |
| Graveyard | 1 | |
| Halls of the Dead | 1 | |
| Sacrificial Pit | 1 | |
| Black Citadel | 1 | |
| Boneyard | 2 | |
17 total
» build order
00:09 Altar of Darkness
00:12 Ziggurat
00:15 Crypt
01:43 Graveyard
01:50 Ziggurat
04:17 Halls of the Dead
04:30 Ziggurat
05:31 Ziggurat
07:01 Sacrificial Pit
07:14 Black Citadel
09:35 Ziggurat
09:42 Boneyard
09:59 Boneyard
12:18 Ziggurat
14:41 Ziggurat
15:31 Ziggurat
18:11 Ziggurat
Acunis (
green | 37 APM | 1402 actions | 37:29)
9 Demon Hunter
3 Mana Burn
3 Immolation
1 Metamorphosis
2 Evasion
1 Keeper of the Grove
1 Entangling Roots
» actions
| Assign group hotkey | 85 | |
| Basic commands | 45 | |
| Build / train | 95 | |
| ESC pressed | 8 | |
| Enter build submenu | 22 | |
| Enter hero's abilities submenu | 10 | |
| Right click | 661 | |
| Select / deselect | 406 | |
| Select group hotkey | 29 | |
| Use ability | 39 | |
1402 total
» units
| Wisp | 26 | |
| Huntress | 5 | |
| Hippogryph | 7 | |
| Chimaera | 35 | |
73 total
» upgrades
| Reinforced Hides | 3 | |
| Strength of the Wild | 3 | |
| Corrosive Breath | 1 | |
| Druid of the Claw Training | 1 | |
8 total
» buildings
| Altar of Elders | 1 | |
| Moon Well | 8 | |
| Ancient of War | 1 | |
| Hunter's Hall | 1 | |
| Tree of Ages | 1 | |
| Tree of Eternity | 1 | |
| Ancient of Lore | 1 | |
| Tree of Life | 2 | |
| Ancient of Wind | 1 | |
| Chimaera Roost | 3 | |
| Ancient Protector | 3 | |
23 total
» build order
00:11 Altar of Elders
00:18 Moon Well
00:53 Ancient of War
01:39 Moon Well
02:12 Hunter's Hall
02:51 Moon Well
03:34 Tree of Ages
05:01 Moon Well
06:01 Moon Well
06:05 Tree of Eternity
07:03 Ancient of Lore
07:35 Tree of Life
08:17 Ancient of Wind
09:27 Chimaera Roost
09:47 Chimaera Roost
09:52 Chimaera Roost
11:06 Moon Well
12:11 Moon Well
13:16 Moon Well
13:58 Ancient Protector
14:01 Ancient Protector
16:12 Ancient Protector
35:38 Tree of Life

»
ROTS19 (
yellow | 65 APM | 4500 actions | 69:34)
9 Archmage
3 Summon Water Elemental
3 Brilliance Aura
1 Mass Teleport
2 Blizzard
» actions
| Assign group hotkey | 93 | |
| Basic commands | 35 | |
| Build / train | 151 | |
| Enter build submenu | 185 | |
| Enter hero's abilities submenu | 10 | |
| Give item / drop item | 2 | |
| Remove unit from queue | 1 | |
| Right click | 2202 | |
| Select / deselect | 1005 | |
| Select group hotkey | 434 | |
| Use ability | 382 | |
4500 total
» units
| Peasant | 20 | |
| Footman | 6 | |
| Goblin Zeppelin | 1 | |
| Goblin Shredder | 2 | |
| Dragonhawk Rider | 9 | |
38 total
» upgrades
| Masonry | 3 | |
| Defend | 1 | |
| Lumber Harvesting | 2 | |
| Swords | 3 | |
| Armor | 3 | |
| Cloud | 1 | |
| Magic Sentry | 1 | |
| Animal War Training | 1 | |
15 total
» buildings
| Altar of Kings | 2 | |
| Farm | 15 | |
| Barracks | 1 | |
| Scout Tower | 144 | |
| Lumber Mill | 2 | |
| Arcane Tower | 9 | |
| Arcane Vault | 2 | |
| Town Hall | 3 | |
| Keep | 1 | |
| Blacksmith | 1 | |
| Castle | 1 | |
| Guard Tower | 65 | |
| Gryphon Aviary | 2 | |
| Arcane Sanctum | 1 | |
| Slaughterhouse | 2 | |
| Tree of Life | 1 | |
252 total
» build order
00:06 Altar of Kings
00:09 Altar of Kings
00:16 Farm
00:24 Barracks
01:42 Scout Tower
01:47 Scout Tower
02:03 Lumber Mill
02:30 Farm
02:31 Farm
02:32 Farm
03:40 Arcane Tower
03:42 Arcane Tower
03:51 Arcane Vault
06:06 Town Hall
06:15 Town Hall
06:23 Keep
08:09 Blacksmith
08:49 Farm
09:32 Scout Tower
09:33 Scout Tower
09:37 Scout Tower
09:38 Scout Tower
10:36 Town Hall
10:49 Castle
12:37 Guard Tower
13:06 Scout Tower
13:24 Scout Tower
13:26 Scout Tower
13:29 Scout Tower
13:47 Guard Tower
13:47 Guard Tower
13:53 Scout Tower
13:54 Guard Tower
13:56 Scout Tower
13:57 Guard Tower
13:59 Guard Tower
14:03 Scout Tower
14:07 Scout Tower
14:25 Guard Tower
14:38 Guard Tower
14:45 Gryphon Aviary
14:49 Gryphon Aviary
14:54 Arcane Sanctum
14:58 Scout Tower
16:00 Guard Tower
16:07 Scout Tower
16:14 Scout Tower
16:27 Scout Tower
16:32 Scout Tower
16:52 Scout Tower
16:53 Guard Tower
16:55 Scout Tower
16:56 Scout Tower
17:01 Scout Tower
17:02 Guard Tower
17:30 Guard Tower
17:32 Scout Tower
17:33 Scout Tower
17:34 Scout Tower
17:36 Guard Tower
17:37 Scout Tower
18:03 Guard Tower
18:05 Guard Tower
18:07 Scout Tower
18:10 Scout Tower
18:38 Arcane Tower
18:40 Arcane Tower
18:42 Scout Tower
18:44 Scout Tower
18:46 Scout Tower
19:09 Guard Tower
19:11 Scout Tower
19:13 Guard Tower
19:16 Guard Tower
19:19 Scout Tower
20:01 Scout Tower
20:03 Guard Tower
20:04 Scout Tower
20:05 Scout Tower
20:10 Guard Tower
20:11 Scout Tower
20:15 Scout Tower
20:31 Guard Tower
20:32 Guard Tower
20:35 Scout Tower
20:43 Guard Tower
20:45 Scout Tower
20:47 Scout Tower
20:50 Scout Tower
21:03 Guard Tower
21:29 Scout Tower
21:31 Scout Tower
21:32 Scout Tower
21:36 Scout Tower
21:58 Arcane Vault
22:06 Guard Tower
22:07 Scout Tower
22:09 Scout Tower
22:12 Scout Tower
22:17 Scout Tower
22:54 Guard Tower
22:55 Scout Tower
23:01 Scout Tower
23:17 Scout Tower
23:18 Guard Tower
23:37 Guard Tower
23:40 Scout Tower
23:44 Scout Tower
23:45 Scout Tower
23:46 Scout Tower
23:47 Scout Tower
23:48 Scout Tower
23:50 Scout Tower
23:58 Guard Tower
24:19 Guard Tower
24:19 Guard Tower
24:26 Scout Tower
24:27 Scout Tower
24:37 Scout Tower
24:59 Guard Tower
24:59 Guard Tower
25:02 Scout Tower
25:07 Guard Tower
25:08 Scout Tower
25:09 Scout Tower
25:11 Scout Tower
25:15 Scout Tower
25:40 Guard Tower
25:42 Scout Tower
25:46 Scout Tower
25:52 Scout Tower
25:56 Scout Tower
26:06 Guard Tower
26:33 Guard Tower
26:38 Scout Tower
26:42 Scout Tower
26:45 Scout Tower
27:24 Arcane Tower
28:04 Guard Tower
28:25 Scout Tower
28:26 Guard Tower
28:29 Scout Tower
30:48 Guard Tower
30:51 Arcane Tower
30:52 Arcane Tower
31:08 Scout Tower
31:10 Scout Tower
31:12 Scout Tower
31:15 Scout Tower
31:19 Scout Tower
32:38 Scout Tower
32:39 Guard Tower
33:23 Guard Tower
33:29 Scout Tower
34:08 Scout Tower
34:10 Scout Tower
34:13 Scout Tower
34:36 Slaughterhouse
34:41 Slaughterhouse
34:56 Guard Tower
34:58 Scout Tower
35:00 Scout Tower
35:04 Scout Tower
35:05 Scout Tower
35:39 Guard Tower
35:44 Scout Tower
35:45 Scout Tower
35:48 Scout Tower
35:49 Scout Tower
35:53 Scout Tower
35:58 Scout Tower
35:59 Scout Tower
36:01 Scout Tower
36:40 Guard Tower
36:46 Scout Tower
36:48 Scout Tower
36:58 Scout Tower
36:59 Scout Tower
37:14 Scout Tower
37:17 Guard Tower
37:23 Scout Tower
37:26 Scout Tower
37:29 Guard Tower
37:34 Scout Tower
37:47 Guard Tower
37:52 Scout Tower
37:58 Scout Tower
38:02 Scout Tower
38:23 Guard Tower
38:33 Guard Tower
38:35 Scout Tower
38:37 Scout Tower
38:40 Scout Tower
38:55 Scout Tower
39:00 Scout Tower
39:46 Guard Tower
39:48 Scout Tower
39:51 Scout Tower
39:53 Scout Tower
39:56 Scout Tower
39:58 Scout Tower
40:01 Scout Tower
40:07 Farm
40:10 Farm
40:10 Farm
40:11 Farm
40:33 Guard Tower
40:40 Guard Tower
40:41 Scout Tower
40:42 Scout Tower
40:45 Scout Tower
40:46 Scout Tower
40:49 Scout Tower
41:01 Scout Tower
41:03 Scout Tower
41:17 Guard Tower
41:17 Guard Tower
41:23 Scout Tower
41:41 Farm
41:42 Farm
42:11 Lumber Mill
42:36 Farm
42:53 Scout Tower
42:55 Scout Tower
43:24 Guard Tower
43:26 Scout Tower
43:30 Scout Tower
43:46 Guard Tower
43:59 Scout Tower
44:07 Guard Tower
45:26 Arcane Tower
45:26 Arcane Tower
45:38 Farm
45:39 Farm
45:49 Scout Tower
45:55 Scout Tower
46:18 Scout Tower
46:21 Scout Tower
46:25 Scout Tower
46:38 Guard Tower
46:39 Scout Tower
46:56 Guard Tower
47:10 Guard Tower
48:01 Farm
49:37 Scout Tower
49:39 Scout Tower
49:42 Scout Tower
50:12 Guard Tower
54:35 Tree of Life
» items
| Dust of Appearance | 1 | |
| Potion of Lesser Invulnerability | 2 | |
| Scroll of Town Portal | 3 | |
| Scroll of Regeneration | 3 | |
| Potion of Healing | 1 | |
| Lesser Clarity Potion | 1 | |
11 total

»
XxDAMNxX[WRWC] (
orange | 36 APM | 690 actions | 19:20)
6 Keeper of the Grove
3 Force of Nature
2 Entangling Roots
1 Tranquility
» actions
| Build / train | 54 | |
| Enter build submenu | 17 | |
| Enter hero's abilities submenu | 7 | |
| Right click | 391 | |
| Select / deselect | 191 | |
| Use ability | 30 | |
690 total
» units
| Wisp | 18 | |
| Archer | 1 | |
| Huntress | 2 | |
| Chimaera | 9 | |
| Hippogryph | 8 | |
38 total
» upgrades
| Corrosive Breath | 1 | |
| Strength of the Wild | 3 | |
| Reinforced Hides | 3 | |
7 total
» buildings
| Altar of Elders | 1 | |
| Moon Well | 8 | |
| Ancient of War | 1 | |
| Hunter's Hall | 1 | |
| Tree of Ages | 1 | |
| Ancient of Wonders | 1 | |
| Tree of Life | 1 | |
| Tree of Eternity | 1 | |
| Ancient of Wind | 1 | |
| Chimaera Roost | 3 | |
19 total
» build order
00:20 Altar of Elders
00:34 Moon Well
00:48 Ancient of War
01:37 Moon Well
02:22 Hunter's Hall
02:33 Moon Well
03:36 Moon Well
03:39 Tree of Ages
04:41 Moon Well
05:01 Ancient of Wonders
06:02 Tree of Life
06:09 Tree of Eternity
06:14 Ancient of Wind
06:19 Moon Well
07:29 Moon Well
08:45 Chimaera Roost
08:47 Chimaera Roost
08:49 Chimaera Roost
15:06 Moon Well
team 2 (loser)

»
LordAtila (
blue | 23 APM | 1571 actions | 69:34)
9 Death Knight
3 Unholy Aura
3 Death Coil
1 Animate Dead
2 Death Pact
4 Crypt Lord
2 Carrion Beetles
1 Impale
1 Spiked Carapace
2 Lich
1 Dark Ritual
1 Frost Armor
» actions
| Basic commands | 82 | |
| Build / train | 117 | |
| Enter build submenu | 22 | |
| Enter hero's abilities submenu | 15 | |
| Give item / drop item | 3 | |
| Remove unit from queue | 2 | |
| Right click | 467 | |
| Select / deselect | 736 | |
| Use ability | 125 | |
1571 total
» units
| Acolyte | 10 | |
| Ghoul | 3 | |
| Crypt Fiend | 17 | |
| Obsidian Statue | 5 | |
| Blue Drake | 1 | |
| Abomination | 17 | |
| Meatwagon | 11 | |
| Goblin Zeppelin | 3 | |
67 total
» upgrades
| Creature Attack | 3 | |
| Web | 1 | |
| Burrow | 1 | |
| Creature Carapace | 2 | |
| Destroyer Form | 1 | |
| Unholy Strength | 3 | |
| Unholy Armor | 4 | |
| Disease Cloud | 1 | |
| Exhume Corpses | 1 | |
17 total
» buildings
| Altar of Darkness | 1 | |
| Ziggurat | 9 | |
| Crypt | 2 | |
| Graveyard | 1 | |
| Tomb of Relics | 1 | |
| Spirit Tower | 3 | |
| Nerubian Tower | 1 | |
| Halls of the Dead | 1 | |
| Slaughterhouse | 2 | |
| Black Citadel | 1 | |
22 total
» build order
00:19 Altar of Darkness
00:22 Ziggurat
01:05 Crypt
01:13 Graveyard
01:23 Ziggurat
01:42 Tomb of Relics
02:26 Crypt
03:34 Ziggurat
03:37 Spirit Tower
04:23 Nerubian Tower
05:15 Halls of the Dead
07:30 Ziggurat
07:49 Ziggurat
07:59 Slaughterhouse
08:36 Black Citadel
12:41 Ziggurat
12:46 Slaughterhouse
16:44 Ziggurat
17:44 Ziggurat
24:38 Spirit Tower
25:08 Spirit Tower
57:44 Ziggurat
» items
| Sacrificial Skull | 3 | |
| Rod of Necromancy | 2 | |
| Scroll of Town Portal | 2 | |
7 total

»
gymratpump (
pink | 36 APM | 2486 actions | 69:33)
9 Archmage
3 Summon Water Elemental
3 Brilliance Aura
1 Mass Teleport
2 Blizzard
8 Beastmaster
3 Summon Bear
3 Summon Hawk
1 Stampede
1 Summon Quilbeast
» actions
| Assign group hotkey | 15 | |
| Basic commands | 17 | |
| Build / train | 119 | |
| Enter build submenu | 39 | |
| Enter hero's abilities submenu | 19 | |
| Give item / drop item | 2 | |
| Remove unit from queue | 1 | |
| Right click | 1146 | |
| Select / deselect | 714 | |
| Select group hotkey | 200 | |
| Use ability | 213 | |
2486 total
» units
| Peasant | 15 | |
| Footman | 3 | |
| Rifleman | 4 | |
| Priest | 4 | |
| Knight | 8 | |
| Sorceress | 7 | |
| Gryphon Rider | 5 | |
| Dragonhawk Rider | 13 | |
| Blue Dragon | 1 | |
| Mortar Team | 14 | |
74 total
» upgrades
| Swords | 3 | |
| Plating | 3 | |
| Animal War Training | 1 | |
| Sorceress Training | 2 | |
| Priest Training | 2 | |
| Storm Hammers | 1 | |
| Cloud | 1 | |
| Gunpowder | 3 | |
16 total
» buildings
| Altar of Kings | 1 | |
| Farm | 13 | |
| Barracks | 2 | |
| Lumber Mill | 2 | |
| Blacksmith | 1 | |
| Arcane Vault | 1 | |
| Keep | 2 | |
| Arcane Sanctum | 2 | |
| Castle | 1 | |
| Town Hall | 4 | |
| Gryphon Aviary | 3 | |
| Workshop | 3 | |
35 total
» build order
00:04 Altar of Kings
00:09 Farm
00:30 Barracks
00:47 Farm
01:20 Lumber Mill
02:08 Farm
02:13 Farm
02:29 Blacksmith
02:54 Farm
02:58 Arcane Vault
03:55 Keep
03:55 Keep
05:10 Barracks
06:21 Arcane Sanctum
06:28 Arcane Sanctum
07:17 Castle
09:59 Farm
10:02 Farm
10:07 Farm
10:42 Farm
10:45 Farm
11:25 Farm
11:28 Farm
12:25 Town Hall
20:59 Lumber Mill
28:08 Gryphon Aviary
28:11 Gryphon Aviary
29:41 Gryphon Aviary
34:41 Farm
41:30 Town Hall
41:39 Town Hall
49:51 Workshop
49:55 Workshop
51:12 Workshop
52:26 Town Hall
» items
| Scroll of Regeneration | 2 | |
| Lesser Clarity Potion | 1 | |
| Scroll of Town Portal | 1 | |
4 total
Monka (
red | 43 APM | 3017 actions | 69:34)
7 Archmage
2 Summon Water Elemental
2 Blizzard
2 Brilliance Aura
1 Mass Teleport
» actions
| Assign group hotkey | 56 | |
| Build / train | 110 | |
| ESC pressed | 4 | |
| Enter build submenu | 42 | |
| Enter hero's abilities submenu | 7 | |
| Right click | 1962 | |
| Select / deselect | 672 | |
| Select group hotkey | 90 | |
| Use ability | 74 | |
3017 total
» units
| Peasant | 12 | |
| Rifleman | 4 | |
| Mortar Team | 7 | |
| Siege Engine | 55 | |
78 total
» upgrades
| Gunpowder | 2 | |
| Armor | 1 | |
| Lumber Harvesting | 2 | |
| Barrage | 1 | |
6 total
» buildings
| Altar of Kings | 1 | |
| Scout Tower | 11 | |
| Farm | 21 | |
| Barracks | 1 | |
| Blacksmith | 1 | |
| Arcane Tower | 1 | |
| Keep | 1 | |
| Arcane Vault | 1 | |
| Lumber Mill | 2 | |
| Guard Tower | 10 | |
| Workshop | 2 | |
| Town Hall | 1 | |
| Castle | 1 | |
54 total
» build order
00:14 Altar of Kings
00:25 Scout Tower
00:34 Farm
00:43 Farm
01:45 Barracks
02:02 Blacksmith
02:15 Arcane Tower
02:25 Farm
03:11 Scout Tower
03:45 Farm
03:53 Keep
04:29 Arcane Vault
04:32 Farm
04:38 Scout Tower
05:07 Lumber Mill
05:53 Farm
06:12 Guard Tower
06:14 Guard Tower
06:29 Workshop
06:34 Scout Tower
07:06 Workshop
07:14 Farm
08:03 Farm
08:07 Guard Tower
08:43 Scout Tower
09:15 Guard Tower
09:18 Farm
10:05 Town Hall
10:13 Farm
11:02 Scout Tower
11:31 Guard Tower
11:33 Farm
12:24 Farm
12:26 Castle
13:16 Scout Tower
13:46 Guard Tower
13:58 Farm
15:13 Scout Tower
16:54 Guard Tower
16:58 Scout Tower
17:22 Scout Tower
17:29 Guard Tower
17:50 Lumber Mill
21:00 Guard Tower
21:03 Scout Tower
22:33 Guard Tower
38:18 Farm
38:21 Farm
38:24 Farm
38:26 Farm
38:29 Farm
38:32 Farm
38:34 Farm
38:37 Farm
» items
| Scroll of Regeneration | 2 | |
| Scroll of Healing | 1 | |
| Scroll of Protection | 1 | |
4 total

»
baccuss (
teal | 30 APM | 2100 actions | 69:34)
10 Far Seer
3 Feral Spirit
3 Chain Lighting
1 Earth Quake
3 Far Sight
» actions
| Assign group hotkey | 19 | |
| Basic commands | 102 | |
| Build / train | 122 | |
| ESC pressed | 1 | |
| Enter build submenu | 78 | |
| Enter hero's abilities submenu | 10 | |
| Give item / drop item | 6 | |
| Remove unit from queue | 2 | |
| Right click | 477 | |
| Select / deselect | 590 | |
| Select group hotkey | 424 | |
| Use ability | 269 | |
2100 total
» units
| Peon | 29 | |
| Troll Headhunter/Berserker | 7 | |
| Goblin Zeppelin | 4 | |
| Goblin Shredder | 1 | |
| Raider | 8 | |
| Troll Batrider | 11 | |
| Blue Drake | 1 | |
61 total
» upgrades
| Ranged Weapons | 3 | |
| Armor | 3 | |
| Melee Weapons | 3 | |
| Spiked Barricades | 3 | |
| Troll Regeneration | 1 | |
| Pillage | 1 | |
| Reinforced Defenses | 1 | |
| Ensnare | 1 | |
| Liquid Fire | 1 | |
17 total
» buildings
| Orc Burrow | 9 | |
| Altar of Storms | 1 | |
| War Mill | 3 | |
| Barracks | 1 | |
| Voodoo Lounge | 1 | |
| Watch Tower | 50 | |
| Stronghold | 1 | |
| Beastiary | 4 | |
| Great Hall | 3 | |
| Fortress | 1 | |
74 total
» build order
00:11 Orc Burrow
00:24 Altar of Storms
00:40 War Mill
01:13 Barracks
01:42 Orc Burrow
02:24 Voodoo Lounge
03:37 Watch Tower
04:43 Watch Tower
05:01 Orc Burrow
06:02 Watch Tower
06:13 Orc Burrow
08:00 Stronghold
08:07 Orc Burrow
08:21 Watch Tower
09:39 Watch Tower
10:48 Beastiary
10:51 Beastiary
10:58 Beastiary
11:02 Beastiary
11:17 Watch Tower
11:36 Great Hall
11:39 Watch Tower
12:27 Great Hall
12:30 Watch Tower
12:40 Watch Tower
12:48 Watch Tower
13:14 Fortress
13:48 Watch Tower
13:57 Orc Burrow
14:10 Watch Tower
14:22 Orc Burrow
14:24 Watch Tower
15:04 War Mill
16:43 Watch Tower
16:56 Watch Tower
17:51 Watch Tower
20:21 Watch Tower
20:25 Watch Tower
22:27 Watch Tower
22:31 Watch Tower
23:19 Watch Tower
23:24 Watch Tower
24:27 Watch Tower
25:03 War Mill
25:11 Watch Tower
27:23 Watch Tower
27:28 Watch Tower
28:41 Watch Tower
30:24 Watch Tower
30:29 Watch Tower
30:37 Great Hall
30:40 Watch Tower
30:43 Watch Tower
30:46 Watch Tower
30:50 Watch Tower
31:34 Watch Tower
31:44 Watch Tower
31:50 Watch Tower
31:52 Watch Tower
31:58 Watch Tower
33:56 Watch Tower
38:06 Watch Tower
38:09 Watch Tower
39:39 Watch Tower
55:07 Watch Tower
55:10 Watch Tower
57:47 Watch Tower
57:50 Watch Tower
60:30 Watch Tower
60:34 Watch Tower
61:48 Watch Tower
61:53 Watch Tower
63:39 Orc Burrow
63:49 Orc Burrow
» items
| Healing Salve | 10 | |
| Lesser Clarity Potion | 6 | |
| Scroll of Town Portal | 4 | |
| Potion of Healing | 4 | |
| Orb of Lightning | 1 | |
| Tiny Great Hall | 3 | |
| Potion of Lesser Invulnerability | 1 | |
29 total
Chat log
(01:03 / Allies) Acunis: suip
(01:17 / Allies) Acunis: units?
(01:21 / Allies) XxDAMNxX[WRWC]: chim hip
(01:25 / Allies) ROTS19: gonna get hawks, don't expect them too early thoguh
(01:28 / Allies) Acunis: hunt
(04:08 / Allies) Acunis: creep togeher purp?
(06:34 / Allies) Acunis: mine
(08:25 / Allies) Acunis: im getting chims
(09:02 / Allies) XxDAMNxX[WRWC]: no
(09:16 / Allies) Acunis: sorry
(10:44 / Allies) XxDAMNxX[WRWC]: yellow wtf upgrade
(10:51 / Allies) ROTS19: ok
(11:12 / Allies) XxDAMNxX[WRWC]: damn it now ima have to get aa
(11:18 / Allies) ROTS19: fine by me
(11:39 / Allies) Acunis: who is getting aa
(11:45 / Allies) ROTS19: oj apparently.
(11:48 / Allies) XxDAMNxX[WRWC]: yellwo was suppose to
(11:56 / Allies) ROTS19: i said don't expect them soon
(11:56 / Allies) XxDAMNxX[WRWC]: but hes so slow at teching
(12:01 / Allies) XxDAMNxX[WRWC]: get avery now
(12:12 / Allies) ROTS19: you can get aa :}
(12:25 / Allies) XxDAMNxX[WRWC]: yea im getting aa and chims
(12:29 / Allies) ROTS19: ok cool
(12:49 / Allies) Acunis: where now?
(13:11 / Allies) Acunis: we have to check their units
(13:14 / Allies) ROTS19: red has morts
(13:48 / Allies) Acunis: should i get hyps?
(14:04 / Allies) XxDAMNxX[WRWC]: just a lil bit
(14:06 / Allies) XxDAMNxX[WRWC]: not mny
(14:15 / Allies) ahod: can someone give me wood?
(14:29 / Allies) ahod: ty
(14:37 / Allies) Acunis: out
(15:35 / Allies) ROTS19: help my base
(15:42 / Allies) ROTS19: guys comon
(15:52 / Allies) ahod: on my way
(16:34 / Allies) XxDAMNxX[WRWC]: lets attack
(16:41 / Allies) Acunis: wait
(16:43 / Allies) Acunis: getting chims now
(16:45 / Allies) XxDAMNxX[WRWC]: now lets go
(17:45 / Allies) XxDAMNxX[WRWC]: just go
(17:47 / Allies) XxDAMNxX[WRWC]: leave it
(17:57 / Allies) ahod: towers
(18:16 / Allies) ROTS19: green
(18:18 / Allies) ROTS19: chims pick off knighst
(19:28 / Allies) ROTS19: wtf guys don't leave
(19:30 / Allies) ROTS19: just build units
(19:40 / Allies) ROTS19: and it will be alright
(19:51 / Allies) ROTS19: green
(19:53 / Allies) ROTS19: stop rallying
(19:55 / Allies) ROTS19: that battle is over
(20:33 / Allies) Acunis: units?
(21:34 / Allies) ROTS19: make more units guys
(22:28 / Allies) ROTS19: purp
(22:29 / Allies) ROTS19: help my bas
(22:31 / Allies) ROTS19: with ur dragon
(22:34 / Allies) ahod: im comming
(23:28 / Allies) Acunis: we need something to kill mechanical
(23:37 / Allies) Acunis: to kill siege
(24:38 / Allies) Acunis: HIT
(26:27 / Allies) ROTS19: omw to bot
(28:02 / Allies) ahod: attack
(28:05 / Allies) ahod: ?
(28:09 / Allies) Acunis: SURE
(28:11 / Allies) Acunis: GOGOGO
(28:34 / Allies) Acunis: heal
(28:52 / Allies) ROTS19: omw
(29:01 / Allies) ahod: i need another mine
(29:11 / Allies) Acunis: ATTACK
(29:18 / Allies) Acunis: GOGOGO
(29:29 / Allies) ROTS19: green
(29:33 / Allies) ROTS19: can you give me thousands of wood?
(30:00 / Allies) ahod: omg its like their army doesnt get any smaller
(30:17 / Allies) ROTS19: green i need wood
(30:24 / Allies) Acunis: GUYS
(30:29 / Allies) Acunis: WE NEED SOMETHING AGAIN HUMAN
(30:36 / Allies) ROTS19: and i need wood
(30:39 / Allies) ROTS19: more than that
(30:45 / Allies) ROTS19: you have sooo much
(30:57 / Allies) Acunis: we have to attack
(31:05 / Allies) ROTS19: ty
(31:36 / Allies) ROTS19: the mage had 75 health left prup
(31:38 / Allies) ROTS19: you coulda easliy killed
(32:12 / All) Acunis: TP
(32:18 / Allies) ROTS19: to where?
(32:25 / Allies) ROTS19: oh
(32:25 / Allies) ROTS19: purp
(32:27 / Allies) ROTS19: why didn't you have a tp
(32:39 / Allies) ahod: i used it to go to ur base b4 lol
(32:54 / Allies) ahod: well i think were done
(33:14 / Allies) Acunis: we need to kill sieges
(33:43 / Allies) Acunis: SHIT
(34:02 / Allies) ROTS19: this is still winnable
(34:08 / Allies) Acunis: YEAS
(34:13 / Allies) Acunis: CONTROL PURP
(34:28 / Allies) ROTS19: give purp some wood
(34:34 / Allies) ROTS19: like 2 k
(36:18 / Allies) Acunis: man
(36:26 / Allies) Acunis: FUNCKING LEAVERS
(36:28 / Allies) ROTS19: yeah
(36:30 / Allies) Acunis: THE GAME WAS SO EASY
(36:34 / Allies) Acunis: stupid
(36:37 / Allies) Acunis: EASY
(36:43 / Allies) Acunis: bye
(36:48 / Allies) ROTS19: later
(42:05 / All) ROTS19: Bring a book
(42:08 / All) ROTS19: It's gonna be a long trip
(42:20 / All) gymratpump: bastard look at all those towers
(42:23 / All) baccuss: all u got are those towers
(42:24 / All) ROTS19: lol
(43:11 / All) ROTS19: you guys woulda lost
(43:15 / All) ROTS19: much sooner
(43:19 / All) ROTS19: if my team werne't such idiots
(46:05 / All) ROTS19: lol
(47:03 / All) gymratpump: i can cloud
(47:07 / All) gymratpump: lets attack
(47:08 / All) ROTS19: cool
(47:35 / All) gymratpump: ready?
(47:38 / All) ROTS19: DY
(47:54 / All) ROTS19: BRING IT
(48:03 / All) gymratpump: red what are u doing
(49:28 / All) ROTS19: good job
(49:31 / All) gymratpump: red hit again>?
(50:27 / All) ROTS19: NOOOOO
(50:47 / All) ROTS19: IF MY ALLIES DIDN"T WERENT IDIOTS
(50:51 / All) ROTS19: YOU GUYS WOULDA LOST THIS
(53:29 / All) ROTS19: far seer raped my shit
(53:32 / All) ROTS19: via earthquake
(54:14 / All) ROTS19: FORGOT THERE WERE CHIMS THER
(54:17 / All) ROTS19: THANKS
(55:21 / All) gymratpump: blue im gonna need you to protect my morters
(55:41 / All) ROTS19: NOT MORTRS
(55:42 / All) ROTS19: FUK
(55:47 / All) gymratpump: :P
(58:26 / All) ROTS19: gg
(60:47 / All) ROTS19: HAVING FUN?
(61:42 / All) ROTS19: HAH
(62:13 / All) ROTS19: SHIT
(62:17 / All) gymratpump: :P
(63:22 / All) ROTS19: GG
(64:31 / All) ROTS19: YOU FINALLY DID IT.
(64:34 / All) ROTS19: CONGRENDULATES
(64:36 / All) ROTS19: YOU WIN THE PRIZE
(64:43 / All) ROTS19: +1 win!
(65:06 / All) gymratpump: all the hard work payed off.....
(65:16 / All) ROTS19: hmmf.
(65:39 / All) ROTS19: I GOT THE MOST BUILDINGS PRODUCED
(65:40 / All) ROTS19: FOR SURE.
(66:09 / All) gymratpump: online 2 gold mines left lmao
(66:18 / All) ROTS19: :P
(66:24 / All) gymratpump: on this map!
(66:40 / All) gymratpump: jus leave..
(66:48 / All) ROTS19: IT AINT OVER TILL ITS OVER
(67:20 / All) gymratpump: it is over cuz u dont have any units..
(67:28 / All) ROTS19: I still have buildings though.
(67:38 / All) gymratpump: yea but not productive ones\
(69:19 / All) ROTS19: GG
(69:30 / All) ROTS19: LOL